Unix NetHack Version 5.0.0-0 post-release - last build May  4 2026 22:22:43 (774f63e81ad911689b3a0859ea89b322d5daca8d,branch:main).

Game began 2026-05-07 13:09:58, ended 2026-05-07 13:44:42.

2438853, lawful female dwarven Valkyrie

   ----------------                                    -------
   |...............     -----                          |.....|
   |...(..........|#    |.>..##`#                      |.....|
   |...............#    |...|##############           #......|
   --|-------.-----#    |...|#        ----F--------####|..x..|
     ##########         ....-#########..f.........|#   |.....|
             ####   # # -|-.-#        |............####......-###
            ##  ##############        |.@.........|    -------  #####
       -----.-------###  ###          ------|------                 #
       |...........|###    #                #                       ####-----
       |............###   ####              #                          #|...|
       |........x..| ##   #  #              #                          #....|
       |...........|  #   #  #              #                           |...|
       |...........|  ##  #  #             #############################....|
       -------------   #--.--.--            #                           -----
                       #|..{...|#    -------|---
                       #........#####.....^....|
                        |......|     |.........|
                        --------     -----------

2438853 the Skirmisher      St:18/01 Dx:12 Co:16 In:7 Wi:11 Ch:10  Lawful
Dlvl:1  $:73 HP:52(52) Pw:11(11) AC:6  Xp:5 T:1939  Satiated

Latest messages:
 You are momentarily blinded by a flash of light!
 You hear a deafening roar!
 Wait!  There's something there you can't see!
 It gets angry!
 It gets angry!
 It hits!
 You kill it!
 You can see again.
 The gnome wields an orcish dagger!
 The orcish dagger welds itself to the gnome's hand!
 A rock piercer suddenly drops from the ceiling!
 You are almost hit by a falling rock piercer!
 The monkey hits!
 The monkey stole an orcish helm.
 The monkey tries to run away with your orcish helm.
 You miss the monkey.
 You hit the gnome lord!
 You kill the gnome lord!
 You kill the monkey!
 j - an orcish helm.
 You can hear again.
 You swap places with the peaceful gnome.
 You climb up the stairs.
 You see here an ice box.
 Click!  You trigger a rolling boulder trap!
 Fortunately for you, no boulder was released.
 Really step onto that rolling boulder trap? [yn] (n) n
 With great effort you move the boulder.
 You climb up the stairs.
 You miss the yellow mold.
 You miss the yellow mold.
 You stagger...
 You kill the yellow mold!
 You see here a yellow mold corpse.
 You see here a yellow mold corpse.
 You feel a bit steadier now.
 You kill the gecko!
 You kill the coyote!
 You see here a coyote corpse.
 You climb up the stairs.
 You hear the footsteps of a guard on patrol.
 You hear someone counting gold coins.
 You climb up the stairs.
 Beware, there will be no return!  Still climb? [yn] (n) n
 Beware, there will be no return!  Still climb? [yn] (n) y
 Do you want your possessions identified? [ynq] (y) y
 Do you want to see your attributes? [ynq] (y) y
 Do you want an account of creatures vanquished? [ynaq] (y) y
 Do you want to see your conduct and achievements? [ynq] (y) y
 Do you want to see the dungeon overview? [ynq] (y) y

Inventory:
 Coins    ('$')
  $ - 73 gold pieces
 Weapons  (')')
  s - 6 +0 crossbow bolts
  t - 8 cursed +2 darts
  b - a +0 dagger (alternate weapon; not wielded)
  a - a +1 dwarvish spear (weapon in right hand)
  k - a +0 orcish dagger
  n - a cursed rusty -1 orcish dagger
 Armor    ('[')
  x - an uncursed +0 helm of caution
  j - an uncursed +0 orcish helm
  m - an uncursed +0 orcish helm
  h - a blessed +0 small shield
  c - an uncursed +3 small shield (being worn)
  f - an uncursed +0 ring mail
 Comestibles  ('%')
  D - an uncursed food ration
 Scrolls  ('?')
  o - an uncursed scroll of amnesia
  p - an uncursed scroll of identify
  g - an uncursed scroll of remove curse
 Spellbooks  ('+')
  y - an uncursed spellbook of healing
 Potions  ('!')
  i - an uncursed potion of healing
 Rings    ('=')
  l - a cursed ring of levitation
 Tools    ('(')
  u - a cursed crystal ball (0:3)
 Gems/Stones  ('*')
  B - 2 uncursed aquamarine stones
  A - an uncursed worthless piece of blue glass
  w - an uncursed worthless piece of orange glass
  C - an uncursed worthless piece of red glass
  v - 9 uncursed rocks

2438853 the Valkyrie's attributes:

Background:
 You were a Skirmisher, a level 5 dwarven Valkyrie.
 You were lawful, nominally on a mission for Tyr
 who was opposed by Odin (neutral) and Loki (chaotic).
 You were right-handed.
 You were in the Dungeons of Doom, on level 1.
 You entered the dungeon 1939 turns ago.
 You had 294 experience points, 26 more were needed to attain level 6.

Basics:
 You had all 52 hit points.
 You had all 11 energy points (spell power).
 Your armor class was 6.
 Your wallet contained 73 zorkmids.
 Autopickup was off.

Final Characteristics:
 Your strength was 18/01 (limit:18/100).
 Your dexterity was 12 (limit:20).
 Your constitution was 16 (limit:20).
 Your intelligence was 7 (limit:16).
 Your wisdom was 11 (limit:16).
 Your charisma was 10 (limit:16).

Final Status:
 You were satiated.
 You were unencumbered.
 You were wielding a spear.
 You had basic skill with spear.

Final Attributes:
 You were devoutly aligned.
 You were cold resistant.
 You had infravision.
 You were stealthy.
 You survived.

Miscellaneous:
 You didn't encounter any bones levels.
 Total elapsed playing time was 34 minutes and 42 seconds.

Major events:
 Turn
    1: 2438853 the lawful dwarven Valkyrie entered the dungeon
  921: attained the rank of Skirmisher (level 3)
 1004: entered the Gnomish Mines
 1346: reached Mine Town
 1939: escaped

You didn't know any spells.

Skills:
 Fighting Skills
   bare handed combat [Unskilled]
   two weapon combat  [Unskilled]
   riding             [Unskilled]
 Weapon Skills
   dagger             [Basic]
   axe                [Unskilled]
   pick-axe           [Unskilled]
   short sword        [Unskilled]
   broadsword         [Unskilled]
   long sword         [Unskilled]
   two-handed sword   [Unskilled]
   saber              [Unskilled]
   hammer             [Unskilled]
   quarterstaff       [Unskilled]
   polearms           [Unskilled]
   spear              [Basic]
   trident            [Unskilled]
   lance              [Unskilled]
   sling              [Unskilled]
 Spellcasting Skills
   attack spells      [Unskilled]
   escape spells      [Unskilled]

Voluntary challenges:
 Character rerolling was not enabled.
 You followed a strict vegan diet.
 You were an atheist.
 You never genocided any monsters.
 You never polymorphed an object.
 You never changed form.
 You used no wishes.
Achievements:
 You attained the rank of Skirmisher.
 You entered the Gnomish Mines.
 You entered Minetown.
 You entered a shop.

 The Dungeons of Doom: levels 1 to 3
    Level 1: <- You left from here.
       A fountain.
    Level 2:
    Level 3:
       Some fountains, a sink.
       Stairs down to The Gnomish Mines.
 The Gnomish Mines: levels 4 to 7
    Level 4:
    Level 5:
    Level 6:
    Level 7:
       Some shops, an altar to Tyr, some fountains.


Vanquished creatures:
  a lizard
  2 bugbears
 an imp
  2 Uruk-hai
  a fog cloud
  2 gnome leaders
  a gray ooze
  a ghoul
  a little dog
  4 hill orcs
  a monkey
  2 acid blobs
  3 coyotes
  a large kobold
  3 giant rats
  2 yellow molds
  2 gnomes
  2 garter snakes
  a gecko
  2 goblins
  4 grid bugs
  3 lichens
  2 kobold zombies
  3 newts
47 creatures vanquished.

No species were genocided or became extinct.

Farvel 2438853 the Valkyrie...

You escaped from the dungeon with 4559 points,
       3 worthless pieces of colored glass,
       2 aquamarine stones (worth 3000 zorkmids),
and 73 pieces of gold, after 1939 moves.
You were level 5 with a maximum of 52 hit points when you escaped.

